 Dungeon Crawl Stone Soup version 0.20.1-1-g8b1a95d (webtiles) character file.

2259 VajrapaniSR the Cleaver (level 9, -4/82 HPs)
             Began as a Minotaur Berserker on July 3, 2017.
             Was a Priest of Trog.
             Killed from afar by an orc sorcerer (8 damage)
             ... with a bolt of fire
             ... in a bailey.
             The game lasted 00:13:38 (1646 turns).

VajrapaniSR the Cleaver (Minotaur Berserker)        Turns: 1646, Time: 00:13:39

Health: -4/82      AC:  9    Str: 24    XL:     9   Next: 15%
Magic:  8/8        EV:  9    Int:  4    God:    Trog [***...]
Gold:   153        SH:  0    Dex: 13    Spells: 8/8 levels left

rFire    + . .     SeeInvis .   a - +0 battleaxe
rCold    . . .     Gourm    .   (shield currently unavailable)
rNeg     . . .     Faith    .   d - +1 chain mail
rPois    +         Spirit   .   (helmet restricted)
rElec    .         Reflect  .   (no cloak)
rCorr    .         Harm     .   (no gloves)
MR       .....                  (no boots)
Stlth    ..........             (no amulet)
Regen    0.3/turn               j - ring of loudness
MPRegen  0.2/turn               h - ring of poison resistance

@: berserk cooldown, slowed, very slow
A: retaliatory headbutt, horns 2, fire resistance 1, poison resistance, strong 1
a: Berserk, Trog's Hand, Burn Spellbooks, Renounce Religion


You were in a bailey.
You worshipped Trog.
Trog was most pleased with you.
You were very hungry.

You visited 1 branch of the dungeon, and saw 8 of its levels.
You also visited: Ossuary and Bailey.

You collected 153 gold pieces.

Inventory:

Hand Weapons
 a - a +0 battleaxe (weapon)
 b - a +0 scythe
 f - a +0 flail
 s - a cursed -2 war axe
Armour
 d - a +1 chain mail (worn)
 g - a +0 shield
Jewellery
 h - a ring of poison resistance (right hand)
 j - a ring of loudness (left hand)
 n - a +1 ring of evasion {unknown}
Scrolls
 k - a scroll of recharging
 l - 2 scrolls of teleportation
 m - a scroll of fog {unknown}
 o - a scroll of enchant weapon
Potions
 c - a potion of lignification
 e - a potion of magic
 q - a potion of mutation
 r - 2 potions of might {unknown}
 t - 2 potions of berserk rage {unknown}
 v - a potion of invisibility {unknown}
 w - a potion of haste {unknown}
Comestibles
 i - a bread ration
 p - 6 chunks of flesh


   Skills:
 + Level 8.9 Fighting
 * Level 12.3 Axes
 - Level 2.4 Armour
 - Level 2.1 Dodging


You had 8 spell levels left.
You didn't know any spells.

Dungeon Overview and Level Annotations

Branches:
Dungeon (8/15)
 Temple: D:4-7         Lair: D:8-11

Altars:

Shops:
D:7 *   D:8 %


Innate Abilities, Weirdness & Mutations

You reflexively headbutt those who attack you in melee.
You have a pair of horns on your head.
Your flesh is heat resistant. (rF+)
Your system is resistant to poisons. (rPois)
Your muscles are strong. (Str +2)


Message History

The bolt of fire hits you!
* * * LOW HITPOINT WARNING * * *
The orc sorcerer hits you with a war axe.
* * * LOW HITPOINT WARNING * * *
You take 19 damage, and have 2/82 hp.
MASSIVE DAMAGE!!
It was a potion of mutation.
You feel extremely strange.
You feel stronger.
You feel resistant to poisons.
You feel resistant to heat. The orc sorcerer barely misses you.
You regained 2 hp, and now have 4/82 hp.
Unknown command.
You slash the orc sorcerer!
Your skin stops crawling.
You feel less resistant to hostile enchantments.
The orc sorcerer hits you but does no damage.
You closely miss the orc sorcerer. The orc sorcerer completely misses you.
You furiously retaliate!
You headbutt the orc sorcerer, but do no damage.
The orc sorcerer casts a spell at you. The bolt of fire hits you! You resist.
You die...

#####'['#####
+..[[['..#
+.....'..#
#..⌠..#..####
#.....#.....#
#.....#...8.#
#######.....#
#######)8.#
.......@..#
......)o8.#
._........+
.......#+##
####### +..!
#..! ####


You could see an orc sorcerer.

Vanquished Creatures
  An orc knight (Bailey)
  A kobold demonologist (Bailey)
  Sigmund (D:4)
  Menkaure (D:7)
  A sky beast (D:5)
  An orc warrior (Bailey)
  2 phantoms
  A wolf (D:8)
  A centaur (D:5)
  Blork the orc (D:4)
  A bullfrog (D:7)
  2 water moccasin zombies (Ossuary)
  A scorpion (D:7)
  An electric eel (Bailey)
  A jelly (D:8)
  4 hounds
  An orc priest (D:3)
  4 worker ants
  2 mummies (Ossuary)
  4 gnolls
  4 adders
  A howler monkey skeleton (D:7)
  10 adder zombies (Ossuary)
  A worm (D:5)
  An adder skeleton (D:5)
  A leopard gecko (D:3)
  4 orcs
  3 bats
  A giant cockroach (D:3)
  8 goblins
  7 hobgoblins
  3 jackals (D:4)
  A ball python (D:8)
  A frilled lizard (D:3)
  A gnoll zombie (Ossuary)
  7 hobgoblin zombies (Ossuary)
  2 kobolds
  8 kobold zombies (Ossuary)
  4 orc zombies (Ossuary)
  A quokka zombie (D:8)
  A rat zombie (D:8)
102 creatures vanquished.

Notes
Turn   | Place    | Note
-------+----------+-------------------------------------------
     0 | D:1      | VajrapaniSR the Minotaur Berserker began the quest for the Orb.
     0 | D:1      | Reached XP level 1. HP: 19/19 MP: 0/0
    48 | D:1      | Reached skill level 4 in Axes
    48 | D:1      | Reached XP level 2. HP: 27/27 MP: 1/1
   177 | D:3      | Reached XP level 3. HP: 32/33 MP: 2/2
   235 | D:3      | Reached skill level 5 in Axes
   241 | D:3      | Reached XP level 4. HP: 41/41 MP: 3/3
   313 | D:3      | Reached ** piety under Trog
   418 | D:4      | Reached skill level 6 in Axes
   425 | D:4      | Noticed Sigmund
   444 | D:4      | Killed Sigmund
   444 | D:4      | Reached skill level 5 in Fighting
   444 | D:4      | Reached skill level 7 in Axes
   444 | D:4      | Reached XP level 5. HP: 6/48 MP: 4/4
   444 | D:4      | Reached XP level 6. HP: 7/56 MP: 5/5
   512 | D:4      | Noticed Blork the orc
   525 | D:4      | Killed Blork the orc
   593 | D:5      | Entered Level 5 of the Dungeon
   696 | D:5      | Noticed a sky beast
   708 | D:5      | Killed a sky beast
   708 | D:5      | Reached skill level 8 in Axes
   712 | D:5      | Reached XP level 7. HP: 30/63 MP: 6/6
   762 | D:6      | Reached skill level 9 in Axes
   912 | D:6      | You fall through a shaft for 2 floors!
  1025 | D:7      | Found Ituceo's General Store.
  1045 | D:7      | Reached XP level 8. HP: 42/73 MP: 7/7
  1069 | D:7      | Reached skill level 10 in Axes
  1073 | D:7      | Noticed Menkaure
  1082 | D:7      | Killed Menkaure
  1190 | D:8      | Found a sand-covered staircase.
  1207 | Ossuary  | Entered an ossuary
  1343 | Ossuary  | Reached *** piety under Trog
  1459 | D:8      | Found Gyergh's Food Boutique.
  1492 | D:8      | Reached skill level 11 in Axes
  1502 | D:8      | Found a flagged portal.
  1507 | Bailey   | Entered a bailey
  1619 | Bailey   | Found an iron altar of Okawaru.
  1619 | Bailey   | Noticed an orc sorcerer
  1619 | Bailey   | Noticed an orc knight
  1620 | Bailey   | Noticed a kobold demonologist
  1633 | Bailey   | Killed an orc knight
  1633 | Bailey   | Reached skill level 12 in Axes
  1633 | Bailey   | Reached XP level 9. HP: 38/82 MP: 8/8
  1637 | Bailey   | Killed a kobold demonologist
  1643 | Bailey   | HP: 2/82 [orc sorcerer/war axe (3)]
  1644 | Bailey   | Gained mutation: Your muscles are strong. (Str +2) [potion of mutation]
  1644 | Bailey   | Gained mutation: Your system is resistant to poisons. (rPois) [potion of mutation]
  1644 | Bailey   | Gained mutation: Your flesh is heat resistant. (rF+) [potion of mutation]
  1646 | Bailey   | Killed from afar by an orc sorcerer

Skill      XL: |  1  2  3  4  5  6  7  8 |
---------------+-------------------------+-----
Axes           | 4 5 7 8 9 12 | 12.3
Fighting       | 4 5 6 7 8 |  8.9
Armour         | |  2.4
Dodging        | |  2.1

Action                   |  1- 3 |  4- 6 |  7- 9 || total
-------------------------+-------+-------+-------++-------
Melee: Hand axe          |    39 |    36 |   134 ||   209
       Headbutt          |     3 |    11 |    46 ||    60
       Battleaxe         |       |    26 |    68 ||    94
Throw: Throwing net      |       |       |     1 ||     1
Invok: Berserk           |     2 |     5 |     9 ||    16
       Trog's Hand       |       |     1 |     5 ||     6
       Burn Spellbooks   |       |       |     1 ||     1
  Use: Potion            |       |     1 |     1 ||     2
       Scroll            |       |       |     8 ||     8
  Eat: Chunk             |       |     2 |     8 ||    10
       Bread ration      |       |     1 |       ||     1
       Meat ration       |       |       |     1 ||     1
Armor: Chain mail        |    26 |    25 |    82 ||   133
Dodge: Dodged            |    18 |    17 |    53 ||    88
Block: Shield            |       |       |    43 ||    43
